 Dungeon Crawl Stone Soup version 0.31-a0-198-g2ad674f65e (webtiles) character file.

Game seed: 284605446689070204

83 qw the Shooter (level 4, -2/25 HPs)
             Began as a Deep Elf Hunter on June 25, 2023.
             Slain by Jessica
             ... wielding a +1 spectral club
              (7 damage)
             ... on level 2 of the Dungeon.
             The game lasted 00:00:37 (1558 turns).

qw the Shooter (Deep Elf Hunter)                    Turns: 1558, Time: 00:00:37

Health: -2/25      AC:  5    Str: 10    XL:     4   Next: 22%
Magic:  6/6        EV: 11    Int: 14    God:
Gold:   84         SH:  0    Dex: 18    Spells: 3/3 levels left

rFire   . . .        Y - +0 shortbow (chaos)
rCold   . . .        (shield currently unavailable)
rNeg    . . .        m - +0 ring mail
rPois   .            (no helmet)
rElec   .            (no cloak)
rCorr   .            (no gloves)
SInv    .            (no boots)
Will    .....        (no amulet)
Stlth   +            (no ring)
HPRegen 0.24/turn    (no ring)
MPRegen 0.10/turn

%: no passive effects
@: no status effects
A: no striking features
a: no special abilities


You were on level 2 of the Dungeon.
You visited 1 branch of the dungeon, and saw 2 of its levels.

You collected 84 gold pieces.


   Skills:
 - Level 1.5 Fighting
 + Level 7.6 Ranged Weapons
 - Level 2.4 Dodging
 - Level 1.2 Stealth


You had 3 spell levels left.
You didn't know any spells.
Your spell library was empty.

Inventory:

Hand Weapons
 Y - a +0 shortbow of chaos (weapon)
Armour
 m - a +0 ring mail (worn)
Scrolls
 b - a scroll of revelation {unknown}
 c - a scroll of fog {unknown}
 d - a scroll of blinking {unknown}
 g - 3 scrolls of identify
Potions
 a - a potion of enlightenment {unknown}
 e - a potion of attraction {unknown}
 h - 2 potions of curing
 i - a potion of brilliance {unknown}
 l - a potion of berserk rage {unknown}

Dungeon Overview and Level Annotations

Branches:
Dungeon (2/15)

Altars:

Annotations:
D:2 Jessica


Message History

Enter note:
Enter note:
Enter note: You shoot an arrow.
The arrow hits the endoplasm.
You kill the endoplasm!
Jessica the Apprentice Sorceress comes into view.
She is wielding a +1 spectral club and wearing a +2 robe of cold resistance.
Enter note:
Enter note:
Enter note:
Enter note:
Enter note:
Enter note:
Enter note:
Enter note:
Enter note: You shoot an arrow.
The arrow hits Jessica but does no damage.
Jessica seems to speed up.
You shoot an arrow. The arrow hits Jessica.
Nothing appears to happen.
Jessica is lightly wounded.
Jessica points at you and mumbles some strange words.
Pain shoots through your body!
Ouch! That really hurt!
You shoot an arrow.
The arrow hits Jessica but does no damage.
Jessica is lightly wounded.
Jessica casts a spell.
Jessica blinks!
You start resting.
Jessica is nearby!
You shoot an arrow. The arrow barely misses Jessica.
Jessica casts a spell at you.
You barely resist. You shoot an arrow. The arrow completely misses Jessica.
You shoot an arrow. The arrow barely misses Jessica.
You shoot an arrow. The arrow hits Jessica.
Jessica is moderately wounded.
Jessica barely misses you. The +1 spectral club hits you!
Jessica hits you with a +1 spectral club!
You die...

#+# #. #.##########.
.########.##.........
........#.##.########
.######..........#
#......###.#
####....#.#
#..###.........#
#....@@##.#.####
##....(...#...
##############


You could see a +1 spectral club and Jessica (fast).

Vanquished Creatures
  Natasha (D:2)
  An orc (D:2)
  6 bats
  6 endoplasms
  3 giant cockroaches
  4 goblins (D:1)
  6 hobgoblins
  A jackal (D:2)
  5 kobolds
  4 quokkas
  4 ball pythons (D:1)
  5 frilled lizards
  5 rats
51 creatures vanquished.

Notes
Turn   | Place    | Note
-------+----------+-------------------------------------------
     0 | D:1      | qw the Deep Elf Hunter began the quest for the Orb.
     0 | D:1      | Reached XP level 1. HP: 12/12 MP: 3/3
     0 | D:1      | 0 ||| qw: Version: 0.3-a-22-g0ed2b0b
     0 | D:1      | 0 ||| qw: Game counter: 5128
     0 | D:1      | 0 ||| qw: Melee chars always use a shield: true
     0 | D:1      | 0 ||| qw: God list: Okawaru
     0 | D:1      | 0 ||| qw: Allow faded altars: false
     0 | D:1      | 0 ||| qw: Do Orc after clearing Dungeon:15 true
     0 | D:1      | 0 ||| qw: Do second Lair branch before Depths: true
     0 | D:1      | 0 ||| qw: Lair rune preference: random
     0 | D:1      | 0 ||| qw: Goals: Normal
     0 | D:1      | 0 ||| PLANNING D:1-11
   184 | D:1      | Reached XP level 2. HP: 16/16 MP: 4/4
   217 | D:1      | Reached skill level 6 in Ranged Weapons
   608 | D:1      | Reached XP level 3. HP: 8/20 MP: 5/5
   875 | D:1      | 875 ||| UPGRADING to +0 scale mail.
   885 | D:1      | 885 ||| DROPPING +0 leather armour.
   886 | D:1      | 886 ||| UPGRADING to +0 ring mail.
   896 | D:1      | 896 ||| DROPPING +0 scale mail.
   897 | D:1      | 897 ||| READING scroll labelled EFIMPU ATWOPHE.
   898 | D:1      | 898 ||| READING scroll labelled LUZ ZET MOYKO.
   999 | D:1      | 999 ||| READING 2 scrolls labelled TUBRUU KUM SECEEPT.
  1000 | D:1      | 1000 ||| READING scroll labelled VOTEUM ZOANKI.
  1001 | D:1      | 1001 ||| DRINKING 3 coppery potions.
  1002 | D:1      | 1002 ||| DRINKING 2 bubbling black potions.
  1003 | D:1      | 1003 ||| DROPPING scroll of butterflies.
  1004 | D:1      | 1004 ||| DROPPING potion of invisibility.
  1285 | D:2      | Reached skill level 7 in Ranged Weapons
  1403 | D:2      | Noticed Natasha
  1406 | D:2      | Killed Natasha
  1407 | D:2      | Reached XP level 4. HP: 19/25 MP: 6/6
  1550 | D:2      | Noticed Jessica
  1558 | D:2      | HP: 5/25 [+1 spectral club[Jessica] (7)]
  1558 | D:2      | Slain by Jessica

Levels and vault maps discovered:
D:1:      minmay_arrival_glassed_features, layout_basic, minmay_cut_off
D:2:      minmay_recursive_quarters, layout_loops_corners, uniq_natasha,
          uniq_jessica, uniq_crazy_yiuf_cottage

Skill      XL: |  1  2  3 |
---------------+----------+-----
Ranged Weapons | 6 7 |  7.6
Fighting       | |  1.5
Dodging        | |  2.4
Stealth        | |  1.2

Action                     |  1- 3 |  4- 6 || total
---------------------------+-------+-------++-------
   Fire: Shortbow          |   133 |    16 ||   149
    Use: Scroll            |     4 |       ||     4
         Potion            |     2 |       ||     2
 Armour: Leather armour    |    10 |       ||    10
         Ring mail         |     4 |     1 ||     5
  Dodge: Dodged            |    39 |     4 ||    43

Table legend:
 A = Non-vault XP
 B = Vault XP
 C = Vault XP percentage of total XP
 D = Non-vault monster count
 E = Vault monster count
 F = Vault count percentage of total count
                 A         B        C        D         E       F
            +---------+---------+-------+---------+---------+-------
      Total |      60 |      59 |  49.6 |      37 |      14 |  27.5
            +---------+---------+-------+---------+---------+-------
        D:1 |      42 |       8 |  16.0 |      26 |       4 |  13.3
        D:2 |      18 |      51 |  73.9 |      11 |      10 |  47.6
            +---------+---------+-------+---------+---------+-------
